 Dungeon Crawl Stone Soup version 0.28.0-53-g5a82cb258f (webtiles) character file.

Game seed: 12827187126047815555

17855 Atelerd the Thaumaturge (level 12, -8/74 HPs)
             Began as an Octopode Earth Elementalist on June 11, 2022.
             Was a High Priest of Sif Muna.
             Killed from afar by Jorgrun (61 damage)
             ... with an iron shot
             ... on level 12 of the Dungeon.
             The game lasted 00:37:59 (17099 turns).

Atelerd the Thaumaturge (OpEE)                     Turns: 17099, Time: 00:38:00

Health: -8/74      AC:  1    Str:  7    XL:     12   Next: 52%
Magic:  14/28      EV: 18    Int: 28    God:    Sif Muna [*****.]
Gold:   770        SH:  0    Dex: 13    Spells: 7/35 levels left

rFire   + . .      SeeInvis .   a - +7 staff of the Meek {protect, meekguard}
rCold   + . .      Faith    .   (shield currently unavailable)
rNeg    . . .      Spirit   .   (helmet restricted)
rPois   .          Reflect  .   x - amulet of regeneration
rElec   .          Harm     .   v - +4 ring of evasion
rCorr   .          Rampage  .   n - ring of wizardry
Will    +....                   y - +6 ring of intelligence
Stlth   +++++.....              i - ring of willpower
HPRegen 1.02/turn               H - ring of protection from fire
MPRegen 0.21/turn               L - ring of wizardry
                                N - ring of protection from cold
                                (no ring)

@: no status effects
A: almost no armour, amphibious, 8 rings, camouflage 1, gelatinous body 1,
(nimble swimmer 1), tentacles
a: Renounce Religion, Channel Magic, Forget Spell, Divine Exegesis


You were on level 12 of the Dungeon.
You worshipped Sif Muna.
Sif Muna was extremely pleased with you.
You visited 2 branches of the dungeon, and saw 13 of its levels.
You also visited: Ossuary.

You collected 770 gold pieces.

Inventory:

Hand Weapons
 a - the +7 staff of the Meek (weapon) {protect, meekguard}
   (You found it on level 3 of the Dungeon)

   It grants its wielder temporary protection when it strikes (+7 to AC).
   It provides extra protection to wielders with little health.
 b - a +2 vampiric dagger
 d - a +0 dagger
 K - a +4 dagger of freezing
Missiles
 I - 219 stones
Jewellery
 i - a ring of willpower (on tentacle)
 n - a ring of wizardry (right tentacle)
 r - an amulet of the acrobat
 v - a +4 ring of evasion (left tentacle)
 x - an amulet of regeneration (around mantle)
 y - a +6 ring of intelligence (on tentacle)
 H - a ring of protection from fire (on tentacle)
 L - a ring of wizardry (on tentacle)
 N - a ring of protection from cold (on tentacle)
 Q - a ring of protection from cold
Wands
 C - a wand of flame (45)
 M - a wand of acid (13)
Scrolls
 c - 2 scrolls of enchant weapon
 e - 2 scrolls of blinking
 g - a scroll of torment
 h - 2 scrolls of vulnerability {unknown}
 j - a scroll of fog
 k - 3 scrolls of amnesia
 l - 3 scrolls of enchant armour
 o - 5 scrolls of fear
 q - 2 scrolls of immolation
 u - 4 scrolls of noise {unknown}
 w - 3 scrolls of magic mapping {unknown}
 A - 6 scrolls of teleportation
 O - a scroll of identify
 P - a scroll of holy word {unknown}
 R - a scroll of brand weapon {unknown}
Potions
 f - 5 potions of curing
 m - a potion of might
 p - 3 potions of mutation
 s - 3 potions of haste
 t - 2 potions of heal wounds
 z - a potion of lignification {unknown}
 B - a potion of degeneration
 D - 2 potions of brilliance {unknown}
 E - 4 potions of ambrosia {unknown}
 F - 2 potions of flight {unknown}
 G - 3 potions of attraction {unknown}
 J - 2 potions of cancellation {unknown}


   Skills:
 - Level 4.0 Fighting
 - Level 3.0 Short Blades
 - Level 5.0 Dodging
 - Level 8.0 Stealth
 - Level 12.0 Spellcasting
 - Level 6.0 Conjurations
 + Level 3.1 Summonings
 - Level 2.0 Necromancy
 - Level 5.0 Transmutations
 - Level 3.0 Air Magic
 - Level 7.2 Earth Magic
 + Level 6.3 Invocations
 - Level 2.0 Evocations


You had 7 spell levels left.
You knew the following spells:

 Your Spells              Type           Power      Damage    Failure   Level
a - Sandblast             Erth           100%       2d20      1%          1
b - Conjure Ball Lightni  Conj/Air       21%        3x3d6     21%         6
c - Dispel Undead         Necr           28%        3d13      4%          4
d - Flame Wave            Conj/Fire      33%        2d8       2%          4
g - Summon Cactus Giant   Summ           17%        N/A       32%         6
p - Petrify               Tmut/Erth      50%        N/A       1%          4
r - Stone Arrow           Conj/Erth      100%       3d13      1%          3

Your spell library contained the following spells:

 Spells                   Type           Power      Damage    Failure   Level
 Beastly Appendage        Tmut           88%        N/A       1%          1
 Foxfire                  Conj/Fire      100%       2x1d9     1%          1
 Passwall                 Tmut/Erth      41%        N/A       1%          2
 Scorch                   Fire           32%        2d7       1%          2
 Static Discharge         Conj/Air       42%        N/A       1%          2
 Wereblood                Tmut           44%        N/A       1%          2
 Conjure Flame            Conj/Fire      33%        6-21      1%          3
 Swiftness                Air            33%        N/A       1%          3
 Gell's Gravitas          Tloc           16%        N/A       2%          3
 Inner Flame              Hex/Fire       16%        N/A       2%          3
 Lesser Beckoning         Tloc           16%        N/A       2%          3
 Portal Projectile        Hex/Tloc       32%        N/A       2%          3
 Teleport Other           Tloc           16%        N/A       2%          3
 Tukima's Dance           Hex            16%        N/A       2%          3
 Sticky Flame             Conj/Fire      33%        2d5       2%          4
 Irradiate                Conj/Tmut      23%        3d21      2%          5
 Blade Hands              Tmut           22%        N/A       3%          5
 Passage of Golubria      Tloc           16%        N/A       9%          4
 Yara's Violent Unravell  Hex/Tmut       15%        3d8       9%          5
 Excruciating Wounds      Necr           14%        N/A       11%         5
 Discord                  Hex            8%         N/A       100%        8
 Disjunction              Tloc           8%         N/A       100%        8


Dungeon Overview and Level Annotations

Branches:
Dungeon (12/15)            Temple (1/1) D:5            Lair (0/6) D:9
    Orc (0/2) D:12        Ossuary (visited)

Altars:
Ashenzari
Dithmenos
Elyvilon
Fedhas
Gozag
Hepliaklqana
Kikubaaqudgha
Makhleb
Nemelex Xobeh
Okawaru
Qazlal
Sif Muna
Trog
Uskayaw
Vehumet
Wu Jian
Xom
Yredelemnul
Zin
The Shining One
Beogh

Annotations:
D:3 exclusion: downstairs
D:9 exclusions: door and downstairs
D:12 Jorgrun


Innate Abilities, Weirdness & Mutations

You cannot wear most types of armour.
You are amphibious.
You can wear up to eight rings at the same time.
Your skin changes colour to match your surroundings (Stealth+).
Your rubbery body absorbs attacks. (AC +1, EV +1)
((You are camouflaged when in or above water. (Stealth+)))
You have tentacles for arms and can constrict up to eight enemies at once.


Message History

You hear a grinding noise.
Casting: Stone Arrow (safe; 1% risk of failure)
Confirm with . or Enter, or press ? or * to list all spells.
You can't see any susceptible monsters within range! (Use Z to cast anyway.) Unknown command.
Unknown command.
You hear a grinding noise.
Casting: Stone Arrow (safe; 1% risk of failure)
Confirm with . or Enter, or press ? or * to list all spells.
Aiming: Stone Arrow (safe; 1% risk of failure)
Press: ? - help, Shift-Dir - straight line, f - orc
Aim: an orc, wielding a +0 mace (78% to hit)
Okay, then.
Casting: Stone Arrow (safe; 1% risk of failure)
Confirm with . or Enter, or press ? or * to list all spells.
The spell is quite dangerous to miscast (21% risk of failure)!
Continue anyway?
You create some ball lightning! 3 ball lightnings come into view.
Unknown command.
Your ball lightning explodes!
The blast of lightning engulfs your ball lightning.
Your ball lightning completely resists.
The blast of lightning engulfs the orc!
You kill the orc!
Sif Muna accepts your kill.
The blast of lightning engulfs your ball lightning.
Your ball lightning completely resists.
The blast of lightning engulfs you!
Jorgrun says, "A few more walls knocked out 'ere an' thar an' 'tis whole place will come crashin' down."
You hear a shout!
Your ball lightning explodes!
The blast of lightning engulfs you!
The blast of lightning engulfs your ball lightning.
Your ball lightning completely resists.
The blast of lightning engulfs Jorgrun!
Jorgrun is lightly wounded.
Jorgrun gestures at you while chanting. The iron shot hits you!!!
Ouch! That really hurt!
You die...

......#......'................
..^...#......#................
......#......#........#.......
......#......#................
###'####....##.....###........
............#....g............
............#..*...........>..
............#.................
............#...@.............
#......#....#.................
#......#....###########..)....
+.....)#....# ).)....
#......#....# ......
########....# ..#.. #....#
..#.. #....# .# #....+


You could see Jorgrun (ally target) and a friendly ball lightning.

Vanquished Creatures
  Erolcha (D:10)
  A hydra (D:11)
  A centaur warrior (D:10)
  6 two-headed ogres
  A death knight (D:8)
  Sonja (D:11)
  An ugly thing (D:10)
  3 cyclopes
  4 kobold demonologists (D:9)
  Psyche (D:12)
  A tengu conjurer (D:9)
  2 trolls
  Prince Ribbit (D:5)
  A slime creature (D:10)
  Sigmund (D:5)
  2 shadows
  A wraith (D:10)
  A basilisk (D:10)
  4 yaks (D:10)
  A wyvern (D:9)
  Menkaure (D:6)
  Edmund (D:6)
  An acid dragon (D:11)
  Duvessa (D:5)
  2 water moccasins
  3 sky beasts
  4 orc warriors
  2 ogres
  A necrophage (D:5)
  3 centaurs
  2 phantoms
  13 kobold brigands
  2 bullfrogs
  A wyvern zombie (Ossuary)
  A scorpion (D:4)
  A water moccasin zombie (Ossuary)
  A water moccasin skeleton (D:6)
  Dowan (D:5)
  A killer bee (D:9)
  17 wights
  A howler monkey (D:5)
  2 bullfrog zombies (Ossuary)
  13 centaur zombies
  2 bullfrog skeletons (D:5)
  7 orc priests
  4 hounds
  A jelly (D:6)
  9 orc wizards
  2 iguanas
  A killer bee zombie (Ossuary)
  13 mummies (Ossuary)
  2 hound skeletons (D:5)
  3 gnolls (D:4)
  3 howler monkey zombies (Ossuary)
  A howler monkey skeleton (D:6)
  8 adders
  2 shadow imps (D:9)
  4 worms
  2 dart slugs
  66 orcs
  9 ball pythons
  An endoplasm (D:2)
  2 giant cockroaches
  6 hobgoblins
  3 jackals (D:1)
  3 quokkas
  5 bats
  4 frilled lizards
  3 goblins
  48 kobolds
  10 kobold skeletons (D:9)
  8 kobold zombies (D:9)
  14 rats
356 creatures vanquished.

Vanquished Creatures (others)
  5 ball lightnings (D:12)
  A plant (D:9)
  9 withered plants (Ossuary)
15 creatures vanquished.

Grand Total: 371 creatures vanquished

Notes
Turn   | Place    | Note
-------+----------+-------------------------------------------
     0 | D:1      | Atelerd the Octopode Earth Elementalist began the quest for
                  | the Orb.
     0 | D:1      | Reached XP level 1. HP: 11/11 MP: 3/3
   497 | D:1      | Reached XP level 2. HP: 16/17 MP: 3/5
   964 | D:1      | Reached XP level 3. HP: 16/21 MP: 3/6
  1939 | D:2      | Found a faded altar of an unknown god.
  2012 | D:2      | Reached XP level 4. HP: 11/27 MP: 4/7
  2898 | D:3      | Reached skill level 3 in Spellcasting
  2898 | D:3      | Reached XP level 5. HP: 8/31 MP: 0/9
  3823 | D:3      | Found the +7 staff of the Meek {protect, meekguard}
  4273 | D:4      | Noticed a phantom
  4281 | D:4      | Killed a phantom
  4282 | D:4      | Reached XP level 6. HP: 17/36 MP: 2/11
  4289 | D:4      | Learned a level 4 spell: Petrify
  5639 | D:5      | Entered Level 5 of the Dungeon
  5671 | D:5      | Reached skill level 4 in Spellcasting
  5671 | D:5      | Reached XP level 7. HP: 40/41 MP: 4/13
  5802 | D:5      | Learned a level 3 spell: Stone Arrow
  5962 | D:5      | Found a staircase to the Ecumenical Temple.
  5966 | D:5      | Reached skill level 5 in Earth Magic
  5985 | D:5      | Found a shadowy altar of Dithmenos.
  5985 | D:5      | Noticed a shadow
  5988 | D:5      | Found a hazy altar of Hepliaklqana.
  6034 | D:5      | Noticed Sigmund
  6038 | D:5      | Found a sand-covered staircase.
  6043 | Ossuary  | Entered an ossuary
  6163 | Ossuary  | Reached skill level 5 in Stealth
  6239 | Ossuary  | Reached XP level 8. HP: 27/46 MP: 5/14
  7579 | Ossuary  | Reached skill level 5 in Spellcasting
  7579 | Ossuary  | Reached skill level 5 in Transmutations
  8075 | Ossuary  | Reached skill level 1 in Conjurations
  8547 | D:5      | Killed Sigmund
  8644 | D:5      | Learned a level 6 spell: Conjure Ball Lightning
  8683 | D:5      | Reached skill level 1 in Fighting
  8683 | D:5      | Reached skill level 1 in Short Blades
  8909 | D:5      | Reached XP level 9. HP: 53/53 MP: 8/17
  9012 | D:5      | Noticed Prince Ribbit
  9022 | D:5      | Killed Prince Ribbit
  9023 | D:5      | Reached skill level 1 in Air Magic
  9120 | D:5      | Noticed Dowan
  9123 | D:5      | Noticed Duvessa
  9135 | D:5      | Killed Duvessa
  9136 | D:5      | Killed Dowan
  9552 | Temple   | Entered the Ecumenical Temple
  9671 | Temple   | Became a worshipper of Sif Muna the Loreminder
  9803 | D:6      | Noticed Menkaure
  9811 | D:6      | Killed Menkaure
  9984 | D:6      | Found an iron altar of Okawaru.
 10173 | D:6      | Noticed Edmund
 10185 | D:6      | Killed Edmund
 10334 | D:6      | Found a white marble altar of Elyvilon.
 11300 | D:7      | Noticed a cyclops
 11327 | D:7      | Reached * piety under Sif Muna
 11346 | D:7      | Killed a cyclops
 11347 | D:7      | Reached skill level 5 in Dodging
 11347 | D:7      | Reached skill level 1 in Invocations
 11347 | D:7      | Reached skill level 1 in Evocations
 11347 | D:7      | Reached XP level 10. HP: 61/61 MP: 14/18
 12360 | D:8      | Reached skill level 6 in Spellcasting
 12686 | D:8      | Learned a level 4 spell: Dispel Undead
 12709 | D:8      | Noticed a two-headed ogre
 12724 | D:8      | Killed a two-headed ogre
 12725 | D:8      | Reached skill level 1 in Necromancy
 12948 | D:8      | Noticed a two-headed ogre
 12960 | D:8      | Killed a two-headed ogre
 13207 | D:8      | Reached ** piety under Sif Muna
 13468 | D:9      | Noticed a kobold demonologist
 13471 | D:9      | Noticed a kobold demonologist
 13473 | D:9      | Killed a kobold demonologist
 13475 | D:9      | Noticed a kobold demonologist
 13481 | D:9      | Killed a kobold demonologist
 13482 | D:9      | Reached skill level 7 in Spellcasting
 13482 | D:9      | Reached skill level 5 in Conjurations
 13487 | D:9      | Reached XP level 11. HP: 69/69 MP: 8/21
 13495 | D:9      | Reached skill level 5 in Invocations
 13784 | D:9      | Noticed a death knight
 13857 | D:8      | Killed a death knight
 13951 | D:9      | Reached skill level 8 in Spellcasting
 14148 | D:9      | Noticed a cyclops
 14160 | D:9      | Killed a cyclops
 14199 | D:9      | Noticed a centaur warrior
 14199 | D:9      | Noticed a centaur warrior
 14199 | D:9      | Noticed a cyclops
 14199 | D:9      | Noticed a centaur warrior
 14294 | D:9      | Noticed a two-headed ogre
 14304 | D:9      | Killed a two-headed ogre
 14304 | D:9      | Reached *** piety under Sif Muna
 14314 | D:9      | Reached skill level 9 in Spellcasting
 14336 | D:9      | Found a staircase to the Lair.
 14524 | D:9      | Found an ancient bone altar of Kikubaaqudgha.
 14534 | D:9      | Noticed a sun demon
 14552 | D:9      | Reached **** piety under Sif Muna
 14835 | D:10     | Entered Level 10 of the Dungeon
 14907 | D:10     | Noticed Erolcha
 14917 | D:10     | Killed Erolcha
 14964 | D:10     | Reached skill level 10 in Spellcasting
 14996 | D:10     | Learned a level 4 spell: Flame Wave
 15051 | D:10     | Noticed a two-headed ogre
 15063 | D:10     | Killed a two-headed ogre
 15206 | D:10     | Noticed a centaur warrior
 15218 | D:10     | Killed a centaur warrior
 15301 | D:10     | Noticed a two-headed ogre
 15314 | D:10     | Killed a two-headed ogre
 15315 | D:10     | Reached skill level 11 in Spellcasting
 15315 | D:10     | Reached XP level 12. HP: 74/74 MP: 13/27
 15432 | D:10     | Noticed a two-headed ogre
 15788 | D:10     | Reached ***** piety under Sif Muna
 16052 | D:10     | Killed a two-headed ogre
 16053 | D:10     | Reached skill level 12 in Spellcasting
 16292 | D:11     | Received a gift from Sif Muna
 16293 | D:11     | Got Sif Muna's Reference Book on the Shifting Birds {god
                  | gift}
 16331 | D:11     | Learned a level 6 spell: Summon Cactus Giant
 16378 | D:11     | Noticed Sonja
 16386 | D:11     | Killed Sonja
 16387 | D:11     | Reached skill level 1 in Summonings
 16632 | D:11     | Noticed a four-headed hydra
 16646 | D:11     | Killed a four-headed hydra
 16812 | D:12     | Noticed Psyche
 16819 | D:12     | Killed Psyche
 17072 | D:12     | Found a staircase to the Orcish Mines.
 17074 | D:12     | Noticed Jorgrun
 17099 | D:12     | Killed from afar by Jorgrun

Illustrated notes

Levels and vault maps discovered:
D:1:      dpeg_arrival_shelter, layout_loops_ring, st_stairs_5,
          roderic_serpentine_path, minmay_cupped
D:2:      layout_loops_ring, nicolae_ecumenical_lake_church,
          chequers_serial_rivers_room_a, minmay_rat_gold_closets
D:3:      layout_loops_ring, pf_guarded_unrand_meek
D:4:      layout_cave_pools, minmay_misc_feat_x, grunt_decor_fettered,
          nicolae_figureground_pulse
D:5:      layout_basic, riverfiend_overflow_shadow_ancestor,
          minmay_temple_entry_trees, nicolae_ossuary_entry_false_entrances,
          uniq_prince_ribbit1, uniq_duvessa, uniq_sigmund
D:6:      layout_cave_pools, elyvilon_altar_3, okawaru_gym_becter,
          hangedman_abyss_or_decor_stabs, lightli_orcish_oven, uniq_menkaure,
          uniq_edmund
D:7:      layout_loops_corners
D:8:      layout_basic, special_room [special_room_orc]
D:9:      wander_kiku_kobolds, layout_loops_cross, lair_entry_dummy,
          minmay_shattered_shrine
D:10:     layout_roguey, grunt_tough_drop, uniq_erolcha
D:11:     layout_rooms, uniq_sonja
D:12:     layout_grid_maze, david_orc_3, uniq_jorgrun, uniq_azrael, uniq_psyche
Temple:   dpeg_five_rooms_temple

Skill      XL: |  1  2  3  4  5  6  7  8  9 10 11 12 |
---------------+-------------------------------------+-----
Stealth        | 3 4 5 7 8 |  8.0
Transmutations | 2 3 4 5 |  5.0
Spellcasting   | 3 4 5 7 11 12 | 12.0
Earth Magic    | 4 5 6 7 |  7.2
Conjurations   | 2 3 5 6 |  6.0
Fighting       | 1 2 4 |  4.0
Short Blades   | 1 2 3 |  3.0
Dodging        | 3 5 |  5.0
Air Magic      | 3 |  3.0
Invocations    | 1 4 5 6 |  6.3
Evocations     | 1 2 |  2.0
Necromancy     | 2 |  2.0
Summonings     | 3 |  3.1

Action                   |  1- 3 |  4- 6 |  7- 9 | 10-12 || total
-------------------------+-------+-------+-------+-------++-------
Melee: Tentacles         |     9 |    12 |    47 |    87 ||   155
       Unarmed           |     2 |       |       |       ||     2
       Dagger            |    36 |    38 |   151 |   118 ||   343
       Constrict         |     8 |    10 |    34 |    63 ||   115
       Punch             |       |       |     2 |     6 ||     8
       Quarterstaff      |       |       |       |   232 ||   232
 Cast: Sandblast         |    36 |    64 |    25 |    56 ||   181
       Petrify           |       |     3 |    26 |    47 ||    76
       Stone Arrow       |       |       |    75 |    63 ||   138
       Flame Wave        |       |       |       |     3 ||     3
       Conjure Ball Ligh |       |       |       |     2 ||     2
Invok: Channel Magic     |       |       |       |     1 ||     1
Evoke: Wand              |       |       |       |     3 ||     3
  Use: Scroll            |       |     8 |     4 |     2 ||    14
       Potion            |       |     1 |       |     2 ||     3
 Stab: Sleeping          |     6 |     8 |     6 |     4 ||    24
       Petrified         |       |     8 |    32 |    84 ||   124
       Petrifying        |       |       |     7 |     2 ||     9
       Distracted        |       |       |     1 |       ||     1
Armor: Skin              |       |     2 |     8 |    82 ||    92
Dodge: Dodged            |    31 |    23 |    92 |   337 ||   483
